 Dungeon Crawl Stone Soup version 0.21.1-1-g345015f (webtiles) character file.

83 shakethe the Chopper (level 4, -2/34 HPs)
             Began as a Demonspawn Gladiator on Feb 27, 2018.
             Slain by Natasha (3 damage)
             ... on level 2 of the Dungeon.
             The game lasted 00:01:50 (2097 turns).

shakethe the Chopper (Demonspawn Gladiator)         Turns: 2097, Time: 00:01:51

Health: -2/34      AC:  4    Str: 14    XL:     4   Next: 22%
Magic:  4/4        EV: 16    Int: 10    God:
Gold:   104        SH:  0    Dex: 15    Spells: 3/3 levels left

rFire    . . .     SeeInvis .   a - +0 war axe
rCold    . . .     Gourm    .   (no shield)
rNeg     . . .     Faith    .   b - +0 leather armour
rPois    .         Spirit   .   (helmet restricted)
rElec    .         Reflect  .   (no cloak)
rCorr    .         Harm     .   i - +0 pair of gloves
MR       .....                  (no boots)
Stlth    +.........             (no amulet)
HPRegen  0.11/turn              l - +3 ring of evasion
MPRegen  0.09/turn              (no ring)

@: slowed, very slow
A: antennae 1, demonic guardian 1
a: no special abilities


You were on level 2 of the Dungeon.
You were not hungry.

You visited 1 branch of the dungeon, and saw 2 of its levels.

You collected 104 gold pieces.

Inventory:

Hand Weapons
 a - a +0 war axe (weapon)
Missiles
 d - 3 throwing nets {=f, !d}
Armour
 b - a +0 leather armour (worn)
 c - a +0 helmet
 i - a +0 pair of gloves (worn)
   (You found it on level 1 of the Dungeon)
Jewellery
 l - a +3 ring of evasion (left hand)
   (You found it on level 2 of the Dungeon)
Scrolls
 g - 2 scrolls of identify {unknown}
 m - a scroll of noise {unknown}
 n - 2 scrolls of enchant weapon {unknown}
 p - a scroll of random uselessness {unknown}
Potions
 e - a potion of degeneration {unknown}
 h - a potion of brilliance {unknown}
 j - a potion of ambrosia {unknown}
 k - a potion of curing {unknown}
Comestibles
 f - 5 rations


   Skills:
 + Level 2.9 Fighting
 * Level 4.0 Axes
 - Level 1.7 Throwing
 + Level 2.9 Dodging


You had 3 spell levels left.
You didn't know any spells.

Dungeon Overview and Level Annotations

Branches:
Dungeon (2/15)

Altars:

Annotations:
D:2 Natasha


Innate Abilities, Weirdness & Mutations

You have a pair of small antennae on your head.
A weak demonic guardian rushes to your aid.


Message History

No target in view!
No target in view!
No target in view!
No target in view!
No target in view!
A hobgoblin comes into view.
The hobgoblin shouts!
A hobgoblin is nearby!
The hobgoblin barely misses you.
You closely miss the hobgoblin. The hobgoblin barely misses you.
You closely miss the hobgoblin. The hobgoblin closely misses you.
The hobgoblin hits you but does no damage.
You closely miss the hobgoblin. The hobgoblin barely misses you.
You closely miss the hobgoblin. The hobgoblin completely misses you.
You barely miss the hobgoblin. The hobgoblin hits you.
The hobgoblin closely misses you.
You take 1 damage, and have 33/34 hp.
You slash the hobgoblin!
You kill the hobgoblin!
No target in view!
No target in view!
You now have 89 gold pieces (gained 6).
Found a stone staircase leading down.
Health restored: 34
Found a stone staircase leading up.
Eating a chunk of flesh {@w0@w0}.
You eat the chunk of flesh {@w0@w0}.
A frilled lizard comes into view.
The frilled lizard moves out of view.
The frilled lizard is too close now for your liking.
A frilled lizard is nearby!
A frilled lizard is nearby!
The frilled lizard bites you.
You take 2 damage, and have 32/34 hp.
You miss the frilled lizard. The frilled lizard bites you.
You take 3 damage, and have 29/34 hp.
You hit the frilled lizard.
The frilled lizard completely misses you.
You slash the frilled lizard!
You kill the frilled lizard!
No target in view!
No target in view!
No target in view!
No target in view!
No target in view!
No target in view!
Things that are here:
a club; a hobgoblin corpse
Found a stone staircase leading up.
Health restored: 34
There is an open door here.
You now have 104 gold pieces (gained 15).
Natasha, Servant of Life and Death comes into view.
Natasha casts a spell at you. The magic dart hits you!
Natasha casts a spell at you. You resist with some effort.
You take 6 damage, and have 28/34 hp.
You swap places.
Natasha casts a spell at you.
You feel yourself slow down.
Natasha stares at you and mumbles some strange words.
The magic dart hits you!
You take 7 damage, and have 21/34 hp.
MASSIVE DAMAGE!!
You barely miss Natasha. Natasha closely misses you.
Your shadow imp hits Natasha but does no damage.
Natasha misses you.
Your shadow imp barely misses Natasha.
You closely miss Natasha.
Natasha stares at you and mumbles some strange words.
The magic dart hits you!
Your shadow imp hits Natasha.
Natasha closely misses you.
Your shadow imp hits Natasha.
You take 6 damage, and have 15/34 hp.
You are too injured to fight recklessly!
You are too injured to fight recklessly!
You are too injured to fight recklessly!
You are too injured to fight recklessly!
You are too injured to fight recklessly!
You are too injured to fight recklessly!
You are too injured to fight recklessly!
You are too injured to fight recklessly!
You are too injured to fight recklessly!
You are too injured to fight recklessly!
You hit Natasha. Natasha barely misses you.
Your shadow imp closely misses Natasha.
Natasha claws you.
Your shadow imp gestures at Natasha.
Natasha struggles to resist.
You take 4 damage, and have 11/34 hp.
You barely miss Natasha.
Your shadow imp disappears in a puff of smoke!
Natasha mumbles some strange words.
Natasha misses you.
You barely miss Natasha. Natasha closely misses you.
Natasha casts a spell at you. The magic dart hits you!
* * * LOW HITPOINT WARNING * * *
The crimson imp hits you but does no damage.
You take 10 damage, and have 1/34 hp.
MASSIVE DAMAGE!!
Natasha claws you.
You die...

......#.###'####.†..#
...
......#........#....#
####
......#........#....#
......#........#....#
....###...........###
....# #.###.......#
....# #.###....(..#
....###.#........5###.#
.....##.#.......@.....#
........#........h....#
#.......#.......5.....#
#.......###...........#
####....#####.........#
####........#........##
............#...$....#
####...>....#........#
...'........#.......$#


You could see Natasha, a crimson imp and a friendly iron imp.

Vanquished Creatures
  A worm (D:2)
  2 leopard geckos (D:1)
  4 bats
  5 giant cockroaches
  7 goblins
  13 hobgoblins
  3 kobolds
  A quokka (D:2)
  A ball python (D:1)
  6 frilled lizards
  4 rats
47 creatures vanquished.

Vanquished Creatures (collateral kills)
  Natasha (D:2)
1 creature vanquished.

Grand Total: 48 creatures vanquished

Notes
Turn   | Place    | Note
-------+----------+-------------------------------------------
     0 | D:1      | shakethe the Demonspawn Gladiator began the quest for the Orb.
     0 | D:1      | Reached XP level 1. HP: 16/16 MP: 1/1
   135 | D:1      | Reached skill level 3 in Axes
   302 | D:1      | Gained mutation: You have a pair of small antennae on your head. [demonic ancestry]
   302 | D:1      | Reached XP level 2. HP: 21/22 MP: 2/2
   864 | D:1      | Gained mutation: A weak demonic guardian rushes to your aid. [demonic ancestry]
   864 | D:1      | Reached XP level 3. HP: 22/28 MP: 3/3
  1498 | D:2      | Noticed Natasha
  1506 | D:2      | HP: 2/28 [Natasha (6)]
  1510 | D:2      | Killed Natasha
  1510 | D:2      | Reached XP level 4. HP: 3/34 MP: 4/4
  1799 | D:2      | Reached skill level 4 in Axes
  2087 | D:2      | Noticed Natasha
  2096 | D:2      | HP: 1/34 [Natasha/magic dart (10)]
  2097 | D:2      | Slain by Natasha

Skill      XL: |  1  2  3  4 |
---------------+-------------+-----
Axes           | 3 4 |  4.0
Fighting       | |  2.9
Throwing       | |  1.7
Dodging        | |  2.9

Action                   |  1- 3 |  4- 6 || total
-------------------------+-------+-------++-------
Melee: War axe           |   119 |    24 ||   143
  Eat: Chunk             |     2 |     2 ||     4
Armor: Leather armour    |    31 |     4 ||    35
Dodge: Dodged            |    93 |    20 ||   113

Vault maps used:
D:1:      minmay_arrival_up_and_down, serial_forest,
          infiniplex_forest_lined_corner, infiniplex_forest_clump_diagonal,
          infiniplex_forest_end_2, infiniplex_forest_clump_diagonal,
          infiniplex_forest_clump_long, infiniplex_forest_zigzag_1,
          infiniplex_forest_end_double, infiniplex_forest_clump_curved,
          minmay_stone_trees_small
D:2:      uniq_natasha

Table legend:
 A = Turns spent in this place as a percentage of turns spent in the entire game.
 B = Non-inter-level travel turns spent in this place as a percentage of non-inter-level travel turns spent in the entire game.
 C = Inter-level travel turns spent in this place as a percentage of turns spent in this place.
 D = Turns resting spent in this place as a percentage of non-inter-level travel turns spent in this place.
 E = Turns spent auto-exploring this place as a percentage of non-inter-level travel turns spent in this place.
 F = Non-inter-level travel turns spent in this place divided by the number of levels of this place that you've seen.
                   A       B       C       D       E      F
               +-------+-------+-------+-------+-------+----------------------
         Total | 100.0 | 100.0 |   1.4 |  22.9 |  61.5 | 1034.0
       Dungeon | 100.0 | 100.0 |   1.4 |  22.9 |  61.5 | 1034.0
               +-------+-------+-------+-------+-------+----------------------

Table legend:
 A = Kills in this place as a percentage of kills in entire the game.
 B = Kills by you in this place as a percentage of kills by you in the entire game.
 C = Kills by friends in this place as a percentage of kills by friends in the entire game.
 D = Other kills in this place as a percentage of other kills in the entire game.
 E = Experience gained in this place as a percentage of experience gained in the entire game.
 F = Experience gained in this place divided by the number of levels of this place that you have seen.
                   A       B       C       D       E      F
               +-------+-------+-------+-------+-------+----------------------
         Total | 100.0 | 100.0 | 100.0 |   N/A | 100.0 |  59.5
       Dungeon | 100.0 | 100.0 | 100.0 |   N/A | 100.0 |  59.5
               +-------+-------+-------+-------+-------+----------------------
